 Dungeon Crawl Stone Soup version 0.31-a0-507-gbafd7f5274 (webtiles) character file.

Game seed: 10790058950803231683

44 Mickster the Cudgeller (level 3, 36/36 HPs)
             Began as a Troll Berserker on Aug 9, 2023.
             Was a Follower of Trog.
             Quit the game on level 2 of the Dungeon.
             The game lasted 00:06:57 (538 turns).

Mickster the Cudgeller (Troll Berserker)             Turns: 538, Time: 00:06:57

Health: 36/36      AC:  4    Str: 27    XL:     3   Next: 41%
Magic:  2/2        EV: 10    Int:  3    God:    Trog [*.....]
Gold:   60         SH:  0    Dex:  9    Spells: 2/2 levels left

rFire   . . .        a - +0 mace
rCold   . . .        (no shield)
rNeg    . . .        b - +0 animal skin
rPois   +            (helmet restricted)
rElec   .            (no cloak)
rCorr   .            (gloves unavailable)
SInv    .            (boots unavailable)
Will    .....        (no amulet)
Stlth   +            i - ring of poison resistance
HPRegen 1.06/turn    (no ring)
MPRegen 0.08/turn

%: no passive effects
@: no status effects
A: large, unfitting armour, claws 3, regeneration 1, shaggy fur 1, tough skin 1
a: Renounce Religion, Berserk


You were on level 2 of the Dungeon.
You worshipped Trog.
Trog was aware of your devotion.
You visited 1 branch of the dungeon, and saw 2 of its levels.

You collected 60 gold pieces.

Inventory:

Hand Weapons
 a - a +0 mace (weapon)
 n - a +0 sling
Missiles
 c - 4 large rocks (quivered)
 h - 4 javelins
 m - 14 stones
Armour
 b - a +0 animal skin (worn)
 e - a +0 chain mail
 o - a +0 pair of gloves
Jewellery
 i - a ring of poison resistance (left claw)
Scrolls
 k - a scroll of identify {unknown}
 l - a scroll of fear {unknown}
Potions
 d - a potion of lignification {unknown}
 f - a potion of brilliance {unknown}
 g - a potion of might {unknown}
 j - a potion of degeneration {unknown}


   Skills:
 + Level 2.8 Fighting
 * Level 3.2 Maces & Flails
 + Level 2.9 Dodging
 + Level 0.1 Stealth


You had 2 spell levels left.
You didn't know any spells.
Your spell library was empty.

Dungeon Overview and Level Annotations

Branches:
Dungeon (2/15)

Altars:


Innate Abilities, Weirdness & Mutations

You are too large for most types of armour.
You have claws for hands.
Your natural rate of healing is unusually fast.
You are covered in fur. (AC +1)
You have tough skin. (AC +1)


Message History

Trog accepts your kill.
Things that are here:
a +0 short sword; 5 stones; a kobold corpse
m - 5 stones
m - 14 stones (gained 9)
Things that are here:
a +0 dagger; a +0 sling Unknown command.
n - a +0 sling An adder comes into view.
Found a pair of gloves.
The adder hisses angrily.
You hit the adder.
The adder is lightly wounded.
The adder bites you but does no damage. The adder bites you.
You closely miss the adder.
The adder is lightly wounded.
The adder completely misses you. The adder closely misses you.
You hit the adder.
The adder is moderately wounded.
The adder bites you but does no damage.
You miss the adder.
The adder is moderately wounded.
The adder closely misses you. The adder bites you but does no damage.
You barely miss the adder.
The adder is moderately wounded.
The adder bites you. The adder barely misses you.
You closely miss the adder.
The adder is moderately wounded.
The adder bites you.
You miss the adder. Your claw misses the adder.
The adder is moderately wounded.
The adder barely misses you. The adder bites you.
You sock the adder!
You kill the adder!
Trog accepts your kill.
You see here a +0 pair of gloves.
o - a +0 pair of gloves You can't wear gloves with your huge claws!
Are you sure you want to abandon this character and quit the game? (Confirm with "yes".)

#.#.......#)..†...
#.#.............## .
###......##.......# ..
......#.##))##.#.# ..
#.#..#........#.#
#.##..........####.#
.....#..####..# #.#
##.#.##.#.............#
.......@...###...###
##.##.#.#### #...# #
#.# #...# #.# #...# #.#
#.. ###


There were no monsters in sight!

Vanquished Creatures
  2 adders (D:2)
  2 dart slugs
  2 endoplasms
  4 goblins
  3 hobgoblins (D:1)
  2 kobolds (D:2)
  A quokka (D:1)
  2 ball pythons (D:1)
  2 frilled lizards
  2 rats
22 creatures vanquished.

Notes
Turn   | Place    | Note
-------+----------+-------------------------------------------
     0 | D:1      | Mickster the Troll Berserker began the quest for the Orb.
     0 | D:1      | Reached XP level 1. HP: 22/22 MP: 0/0
   168 | D:1      | Reached XP level 2. HP: 29/29 MP: 1/1
   398 | D:2      | Reached skill level 3 in Maces & Flails
   415 | D:2      | Reached XP level 3. HP: 36/36 MP: 2/2
   538 | D:2      | Quit the game

Illustrated notes

Levels and vault maps discovered:
D:1:      onia_arrival_mini_maze, layout_basic, chequers_serial_rivers_room_b
D:2:      layout_loops_cross, basic_altar, shapermc_ecumenical_altar_notcrosses,
          uniq_natasha

Skill      XL: |  1  2 |
---------------+-------+-----
Maces & Flails | 3 |  3.2
Fighting       | |  2.8
Dodging        | |  2.9
Stealth        | |  0.1

Action                     || total
---------------------------++-------
  Melee: Mace              ||    65
         Punch             ||     2
 Invoke: Berserk           ||     3
    Use: Scroll            ||     2
   Stab: Sleeping          ||     2
 Armour: Animal skin       ||    23
  Dodge: Dodged            ||    49

Table legend: (Time is in decaauts)
 A = Elapsed time spent in this place.
 B = Non-inter-level travel time spent in this place.
 C = Inter-level travel time spent in this place.
 D = Time resting spent in this place.
 E = Time spent auto-exploring this place.
 F = Levels seen in this place.
 G = Mean time per level.
                   A        B        C        D        E       F      G
               +--------+--------+--------+--------+--------+-----+--------+
         Total |    578 |    553 |     25 |     28 |      0 |   2 |  289.0 |
       Dungeon |    578 |    553 |     25 |     28 |      0 |   2 |  289.0 |
               +--------+--------+--------+--------+--------+-----+--------+

Top non-repeatable levels by time:
     D:1: 405 daAuts
     D:2: 172 daAuts
